 Dungeon Crawl Stone Soup version 0.17.0-24-gcfadda4 (webtiles) character file.

336 Medar the Cudgeler (level 6, 0/34 HPs)
             Began as a Gargoyle Summoner on Nov 17, 2015.
             Was an Elder of Zin.
             Slain by a gnoll
             ... wielding a +0 spear
              (6 damage)
             ... on level 4 of the Dungeon.
             The game lasted 00:09:54 (4953 turns).

Medar the Cudgeler (Gargoyle Summoner)              Turns: 4953, Time: 00:09:54

Health: 0/34       AC:  8    Str: 14    XL:     6   Next: 54%
Magic:  7/9        EV: 11    Int: 15    God:    Zin [****..]
Gold:   282        SH:  0    Dex: 10    Spells: 3 memorised, 3 levels left

rFire  . . .     SeeInvis .     a - +1 whip (flame)
rCold  . . .     Clarity  .     q - +0 leather armour (curse)
rNeg   + . .     SustAt   .     (no shield)
rPois  ∞         Gourm    .     k - +0 helmet
rElec  +         Spirit   .     (no cloak)
rCorr  .         Warding  .     (no gloves)
rMut   .         Stasis   .     (no boots)
MR     .....                    r - amulet of faith
Stlth  ++........               (no ring)
                                (no ring)

@: flying, not resistant to hostile enchantments, unstealthy
A: negative energy resistance 1, electricity resistance, unbreathing,
petrification resistance, rot immunity, AC +4
a: Recite, Vitalisation, Imprison, Donate Gold, Renounce Religion


You were on level 4 of the Dungeon.
You worshipped Zin.
Zin was greatly pleased with you.
You were not hungry.

You visited 1 branch of the dungeon, and saw 4 of its levels.

You collected 313 gold pieces.
You donated 31 gold pieces to Zin.

Inventory:

Hand Weapons
 a - a +1 whip of flaming (weapon)
Missiles
 u - 3 tomahawks (quivered)
Armour
 k - a +0 helmet (worn)
 q - a cursed +0 leather armour (worn)
Jewellery
 r - an amulet of faith (around neck)
Wands
 t - a wand of slowing (18)
 v - a wand of paralysis (9)
Scrolls
 d - a scroll of random uselessness {unknown}
 e - 6 scrolls of teleportation {unknown}
 f - a scroll of recharging {unknown}
 i - 2 scrolls of identify {unknown}
 j - a scroll of fear {unknown}
 m - a scroll of noise {unknown}
 p - 3 scrolls of remove curse {unknown}
 x - a scroll of fog {unknown}
 y - a scroll of immolation {unknown}
Potions
 g - a potion of might
 h - a potion of resistance {unknown}
 l - a potion of mutation {unknown}
 n - a potion of haste {unknown}
 o - a potion of degeneration {unknown}
 s - a potion of heal wounds {unknown}
 w - a potion of agility
 B - a potion of curing {unknown}
 E - a potion of flight
Books
 b - a book of Callings

   Spells                             Type                      Level
   a - Summon Small Mammal            Summoning                    1
   b - Call Imp                       Summoning                    2
   c - Call Canine Familiar           Summoning                    3
   d - Summon Guardian Golem          Hexes/Summoning              3
   e - Summon Lightning Spire         Summoning/Air                4
   f - Summon Ice Beast               Ice/Summoning                4
Comestibles
 c - 3 bread rations {@e1}
 C - a meat ration {@e2}
 D - 4 fruits {@e3}


   Skills:
 - Level 1.0 Fighting
 + Level 5.8 Maces & Flails
 - Level 2.0 Armour
 - Level 1.5 Dodging
 - Level 2.1 Stealth
 - Level 2.0 Spellcasting
 - Level 3.6 Summonings


You had 3 spell levels left.
You knew the following spells:

 Your Spells              Type           Power        Failure   Level  Hunger
f - Call Canine Familiar  Summ           ##......     21%         3    ###....
s - Summon Small Mammal   Summ           ##..         8%          1    #......
D - Call Imp              Summ           ##......     12%         2    ###....


Dungeon Overview and Level Annotations

Branches:
Dungeon (4/15)
 Temple: D:4-7

Altars:
Okawaru
Xom
Zin


Innate Abilities, Weirdness & Mutations

You are resistant to torment.
Your stone body is resilient (AC +4).
You are immune to poison.
You resist negative energy.
You are resistant to electric shocks.
You can survive without breathing.
You are immune to petrification.
You are immune to rotting.


Message History

Your hound misses the hound. The hound bites you but does no damage.
You hit the hound. You burn the hound.
The hound is moderately wounded.
Your hound barely misses the hound.
The hound bites you but does no damage. The gnoll hits you with a spear.
Your hound misses the hound. You hit the hound. You burn the hound.
The hound is moderately wounded.
The hound bites you but does no damage. The gnoll hits you but does no damage.
Your hound bites the hound.
The hound closely misses you.
You hit the hound. You burn the hound.
The hound is almost dead.
Your hound closely misses the hound.
The hound closely misses you. The gnoll hits you with a spear!
* * * LOW HITPOINT WARNING * * *
Drink which item? (? for menu, Esc to quit)
It was a potion of flight.
You feel very buoyant.
You fly up into the air.
Your hound misses the hound. The hound bites you but does no damage.
The gnoll hits you with a spear.
You die...

#.....##.# #..###.....#..........
#..##..#.###...#.................
##.###....#.......##.............
#.###.)..#......###.............
#..###..........# #............#
##...###.........###............#
.....#............#...#..........
.......##.......g................
#...######......@h.......##......
#..## #......h.......####...#.
...# ##..............###....#
...# ##..####.....##.##.....#
.#.## ###...## ##....#####......
.#..####......# ##...####.......
.#............# #......#.......
.#...####..#..# #..............
...### ##.##..# #.......#......


You could see a hound, a gnoll and a friendly hound.

Vanquished Creatures
  Edmund (D:4)
  Natasha (thrice) (D:3)
  A gnoll (D:3)
  5 adders
  An ooze (D:4)
  2 worms
  3 orcs
  7 bats
  A giant cockroach (D:1)
  11 goblins
  6 hobgoblins
  4 jackals
  6 kobolds
  A quokka (D:4)
  A ball python (D:2)
  A giant newt (D:3)
  6 rats
60 creatures vanquished.

Vanquished Creatures (collateral kills)
  A jelly (D:4)
  Robin (D:2)
  2 gnolls (D:4)
  2 adders
  A worm (D:2)
  2 giant geckos (D:1)
  An orc (D:3)
  A bat (D:1)
  A giant cockroach (D:3)
  2 hobgoblins
  7 goblins
  A jackal (D:4)
  A quokka skeleton (D:4)
  A rat (D:2)
24 creatures vanquished.

Grand Total: 84 creatures vanquished

Notes
Turn   | Place    | Note
--------------------------------------------------------------
     0 | D:1      | Medar the Gargoyle Summoner began the quest for the Orb.
     0 | D:1      | Reached XP level 1. HP: 10/10 MP: 3/3
    96 | D:1      | Reached skill level 1 in Fighting
   466 | D:1      | Reached skill level 1 in Maces & Flails
   466 | D:1      | Reached XP level 2. HP: 14/16 MP: 5/5
  1203 | D:2      | Learned a level 2 spell: Call Imp
  1236 | D:2      | Noticed Robin
  1258 | D:2      | Reached XP level 3. HP: 17/20 MP: 4/6
  1490 | D:2      | Killed Robin
  1729 | D:2      | Learned a level 3 spell: Call Canine Familiar
  1856 | D:2      | Reached XP level 4. HP: 23/25 MP: 4/7
  2261 | D:2      | Found a glowing silver altar of Zin.
  2266 | D:2      | Became a worshipper of Zin the Law-Giver
  2266 | D:2      | Reached * piety under Zin
  2563 | D:3      | Found a shimmering altar of Xom.
  2707 | D:3      | Found an iron altar of Okawaru.
  2760 | D:3      | Reached ** piety under Zin
  2913 | D:3      | Reached skill level 4 in Maces & Flails
  2919 | D:3      | Noticed Natasha
  3101 | D:3      | Killed Natasha
  3101 | D:3      | Reached skill level 1 in Armour
  3101 | D:3      | Reached XP level 5. HP: 27/29 MP: 1/8
  3355 | D:3      | Found an iron altar of Okawaru.
  3449 | D:3      | Found a shimmering altar of Xom.
  3463 | D:3      | Noticed Natasha
  3472 | D:3      | Killed Natasha
  3727 | D:3      | Found a shimmering altar of Xom.
  3867 | D:3      | Noticed Natasha
  3875 | D:3      | Killed Natasha
  4019 | D:4      | Reached *** piety under Zin
  4314 | D:4      | Reached **** piety under Zin
  4647 | D:4      | Noticed Edmund
  4683 | D:4      | Killed Edmund
  4683 | D:4      | Reached skill level 5 in Maces & Flails
  4683 | D:4      | Reached XP level 6. HP: 17/34 MP: 9/9
  4953 | D:4      | Slain by a gnoll

Action                   |  1- 3 |  4- 6 || total
-------------------------+-------+-------++-------
Melee: Whip              |   101 |   142 ||   243
       Unarmed           |    10 |       ||    10
 Cast: Summon Small Mamm |    23 |     9 ||    32
       Call Imp          |     3 |     3 ||     6
       Call Canine Famil |       |    12 ||    12
Evoke: Wand              |       |     2 ||     2
  Use: Potion            |       |     2 ||     2
 Stab: Distracted        |     1 |     4 ||     5
       Sleeping          |     1 |     2 ||     3
       Paralysed         |       |    10 ||    10
  Eat: Chunk             |     4 |     5 ||     9
       Meat ration       |       |     1 ||     1
       Pizza             |       |     1 ||     1
       Beef jerky        |       |     1 ||     1
